 Dungeon Crawl Stone Soup version 0.23.1 (webtiles) character file.

Game seed: 0

5326 poirepourri the Basher (level 10, -10/102 HPs)
             Began as a Gargoyle Fighter on Mar 3, 2019.
             Was a Believer of Cheibriados.
             Mangled by Erolcha
             ... wielding a +0 giant club
              (18 damage)
             ... while paralysed by Erolcha
             ... on level 9 of the Dungeon.
             The game lasted 00:11:21 (9588 turns).

poirepourri the Basher (Gargoyle Fighter)           Turns: 9588, Time: 00:11:22

Health: -10/102    AC: 25    Str: 29    XL:     10   Next: 64%
Magic:  10/10      EV:  2    Int: 14    God:    Cheibriados [**....]
Gold:   237        SH:  0    Dex: 17    Spells: 9/9 levels left

rFire    . . .     SeeInvis .   a - +1 flail (holy)
rCold    . . .     Gourm    .   c - +2 shield
rNeg     + + +     Faith    .   (armour currently unavailable)
rPois    ∞         Spirit   .   (helmet currently unavailable)
rElec    .         Reflect  .   (cloak currently unavailable)
rCorr    +         Harm     .   (gloves currently unavailable)
MR       .....     NoTele   +   (boots currently unavailable)
Stlth    ++........             (no amulet)
HPRegen  0.27/turn              z - ring of Honesty {rCorr Str+4}
MPRegen  0.12/turn              f - ring of positive energy

@: paralysed, tree-form, very slow
A: negative energy resistance 1, petrification resistance, rot immunity, AC +7
a: Bend Time, Renounce Religion


You were on level 9 of the Dungeon.
You worshipped Cheibriados.
Cheibriados was pleased with you.
You were not hungry.
You were a tree.
You visited 2 branches of the dungeon, and saw 10 of its levels.

You collected 501 gold pieces.
You spent 264 gold pieces at shops.

Inventory:

Hand Weapons
 a - a +1 flail of holy wrath (weapon)
 b - a +0 hand crossbow
 h - a +0 flail
Armour
 c - a +2 shield (worn)
 m - a +1 helmet (melded)
 q - a +0 pair of boots (melded)
 s - a +0 chain mail of positive energy (melded)
 y - a scarf of resistance (melded)
Jewellery
 f - a ring of positive energy (right branch)
 z - the ring of Honesty (left branch) {rCorr Str+4}
   (You found it on level 7 of the Dungeon)

   [ring of resist corrosion]

   It affects your strength (+4).
Wands
 o - a wand of acid (11)
 t - a wand of clouds (7)
Scrolls
 g - a scroll of teleportation
 k - 2 scrolls of fog
 l - 2 scrolls of amnesia {unknown}
 p - 10 scrolls of remove curse
 u - 3 scrolls of magic mapping
Potions
 e - a potion of haste {unknown}
 i - a potion of magic
 j - a potion of invisibility
 r - 2 potions of brilliance {unknown}
 v - a potion of heal wounds {unknown}
 w - a potion of agility
 x - a potion of curing
 A - a potion of cancellation
 B - a potion of flight {unknown}
Comestibles
 d - 7 rations


   Skills:
 + Level 10.5 Fighting
 - Level 12.4 Maces & Flails
 - Level 3.2 Armour
 - Level 3.2 Shields


You had 9 spell levels left.
You didn't know any spells.
Your spell library contained the following spells:

 Spells                   Type           Power        Failure   Level  Hunger
 Beastly Appendage        Tmut           #.....       78%         1    ##.....
 Magic Dart               Conj           #...         78%         1    ##.....
 Blink                    Tloc           N/A          89%         2    ###....
 Call Imp                 Summ           #.......     89%         2    ###....
 Slow                     Hex            #.......     89%         2    ###....
 Sticks to Snakes         Tmut           #.......     89%         2    ###....
 Conjure Flame            Conj/Fire      #.......     98%         3    ####...
 Mephitic Cloud           Conj/Pois/Air  #.......     98%         3    ####...
 Spider Form              Tmut/Pois      #.........   98%         3    ####...
 Ice Form                 Ice/Tmut       #.......     100%        4    #####..
 Blade Hands              Tmut           #.........   100%        5    ######.


Dungeon Overview and Level Annotations

Branches:
Dungeon (9/15)             Temple (1/1) D:6            Lair (0/6) D:9
    Orc: D:9-12

Altars:
Ashenzari
Cheibriados
Dithmenos
Elyvilon
Fedhas
Gozag
Hepliaklqana
Kikubaaqudgha
Makhleb
Nemelex Xobeh
Okawaru
Qazlal
Ru
Sif Muna
Trog
Uskayaw
Vehumet
Wu Jian
Xom
Yredelemnul
Zin
The Shining One
Lugonu

Shops:
D:8 [

Annotations:
D:6 3 runed translucent doors, nikopol's ghost, novice DEFE
D:7 3 runed translucent doors, poirepourri's ghost, novice GrFi
D:9 Erolcha


Innate Abilities, Weirdness & Mutations

You are resistant to torment.
((Your stone body is resilient. (AC +7)))
You are immune to poison.
You resist negative energy. (rN+)
((You are resistant to electric shocks. (rElec)))
((You can survive without breathing.))
You are immune to petrification.
You are immune to rotting.


Message History

The killer bee stings you but does no damage. x2
You hear some strange, mumbled words.
A stone arrow appears from out of thin air!
The stone arrow hits you.
* * * LOW HITPOINT WARNING * * *
The killer bee stings you.
* * * LOW HITPOINT WARNING * * *
The killer bee stings you.
* * * LOW HITPOINT WARNING * * *
Something hits you but does no damage. The killer bee stings you.
* * * LOW HITPOINT WARNING * * *
The killer bee stings you but does no damage.
The killer bee stings you but does no damage.
Something hits you.
* * * LOW HITPOINT WARNING * * *
The killer bee stings you but does no damage.
The killer bee stings you but does no damage. x2
Something hits you!!
You die...

#...# #.#
#######.
#...# ..
#. #...#
#.#
######
#.>.# ..
.......
#######.#
#######
#.. ##.##
#...#
#♣#.## #
#{y#.)# #
...###=##
## .....
#.|# #.
......#
##.## ##.
......
#.†# #..
...>..
##.##
##.#
......
#..# #..#
##.##
##.##


You could see a killer bee.

Vanquished Creatures
  Pikel (D:6)
  Sigmund (D:6)
  A human (D:9)
  3 yaks (D:9)
  2 water moccasins
  Duvessa (D:4)
  An ice beast (D:6)
  2 orc warriors
  3 sky beasts
  2 phantoms
  A black bear (D:6)
  3 ogres
  A necrophage (D:8)
  3 centaurs
  Blork the orc (D:4)
  3 bullfrogs
  Dowan (D:4)
  3 scorpions
  3 killer bees (D:9)
  5 wights (D:9)
  2 howler monkeys (D:4)
  4 crimson imps
  A bullfrog zombie (D:7)
  A quasit (D:9)
  A centaur zombie (D:9)
  9 orc priests
  A bullfrog skeleton (D:8)
  2 hounds
  2 jellies
  15 orc wizards
  A centaur skeleton (D:5)
  4 iguanas
  6 worker ants
  A killer bee zombie (D:7)
  A hound zombie (D:9)
  A hound skeleton (D:5)
  7 gnolls
  7 adders
  A shadow imp (D:9)
  An ooze (D:3)
  An adder skeleton (D:4)
  3 worms
  A dart slug (D:3)
  5 leopard geckos
  37 orcs
  5 ball pythons
  7 giant cockroaches
  2 gnoll zombies (D:9)
  6 hobgoblins
  13 jackals
  5 quokkas
  10 bats
  9 frilled lizards
  7 goblins
  A jackal skeleton (D:4)
  6 kobolds
  A leopard gecko zombie (D:5)
  5 rats
233 creatures vanquished.

Vanquished Creatures (others)
  2 slaves (D:6)
  An orc wizard (D:7)
3 creatures vanquished.

Grand Total: 236 creatures vanquished

Notes
Turn   | Place    | Note
-------+----------+-------------------------------------------
     0 | D:1      | poirepourri the Gargoyle Fighter began the quest for the
                  | Orb.
     0 | D:1      | Reached XP level 1. HP: 14/14 MP: 1/1
   120 | D:1      | Reached XP level 2. HP: 19/19 MP: 2/2
   298 | D:1      | Reached skill level 3 in Maces & Flails
   600 | D:2      | Reached XP level 3. HP: 17/23 MP: 3/3
   679 | D:2      | Found a shimmering altar of Xom.
   683 | D:2      | Found a shimmering altar of Xom.
   684 | D:2      | Found a shimmering altar of Xom.
   686 | D:2      | Found a shimmering altar of Xom.
   687 | D:2      | Found a shimmering altar of Xom.
   689 | D:2      | Found a shimmering altar of Xom.
   749 | D:2      | Found an ornate altar of the Wu Jian Council.
   903 | D:2      | Reached skill level 4 in Maces & Flails
  1039 | D:2      | Found a sacrificial altar of Ru.
  1275 | D:2      | Reached XP level 4. HP: 25/28 MP: 4/4
  1551 | D:3      | Reached skill level 5 in Maces & Flails
  1551 | D:3      | Reached XP level 5. HP: 24/32 MP: 5/5
  2145 | D:3      | Reached skill level 6 in Maces & Flails
  2145 | D:3      | Reached XP level 6. HP: 30/37 MP: 6/6
  2338 | D:3      | Found a burning altar of Makhleb.
  3213 | D:4      | Noticed Blork the orc
  3215 | D:4      | Noticed Duvessa
  3216 | D:4      | Noticed Dowan
  3221 | D:4      | Killed Blork the orc
  3221 | D:4      | Reached skill level 7 in Maces & Flails
  3231 | D:4      | Killed Duvessa
  3231 | D:4      | Reached XP level 7. HP: 34/41 MP: 7/7
  3264 | D:4      | Killed Dowan
  3489 | D:4      | Reached skill level 8 in Maces & Flails
  3882 | D:4      | Found a deep blue altar of Sif Muna.
  4060 | D:5      | Entered Level 5 of the Dungeon
  4324 | D:5      | Reached skill level 9 in Maces & Flails
  4324 | D:5      | Reached XP level 8. HP: 27/46 MP: 8/8
  4614 | D:5      | Found a white marble altar of Elyvilon.
  4924 | D:5      | Found a bloodstained altar of Trog.
  5032 | D:6      | Found a runed translucent gate.
  5058 | D:6      | Noticed Sigmund
  5465 | D:6      | Reached skill level 10 in Maces & Flails
  5658 | D:6      | Found a staircase to the Ecumenical Temple.
  5668 | Temple   | Entered the Ecumenical Temple
  6002 | D:6      | Found a runed translucent gate.
  6003 | D:6      | Found a runed translucent gate.
  6003 | D:6      | Found an opulent altar of Gozag.
  6004 | D:6      | Noticed Pikel
  6005 | D:6      | Noticed a cyclops
  6005 | D:6      | Noticed an orc knight
  6005 | D:6      | Noticed nikopol's ghost (novice DEFE)
  6018 | D:6      | Killed Pikel
  6018 | D:6      | Reached skill level 11 in Maces & Flails
  6018 | D:6      | Reached XP level 9. HP: 27/51 MP: 9/9
  6129 | D:6      | Killed Sigmund
  6319 | D:6      | Reached skill level 12 in Maces & Flails
  6854 | D:7      | Found a hide-covered altar of Uskayaw.
  7121 | D:7      | Found a runed translucent gate.
  7121 | D:7      | Found a runed translucent gate.
  7121 | D:7      | Found a runed translucent gate.
  7122 | D:7      | Noticed a kobold demonologist
  7122 | D:7      | Noticed poirepourri's ghost (novice GrFi)
  7157 | D:7      | Got a heavily runed copper ring
  7502 | D:7      | Reached skill level 5 in Fighting
  7622 | D:7      | Got a heavily runed ring mail
  7643 | D:7      | Identified the +2 ring mail of the Planets {rN+} (You found
                  | it on level 7 of the Dungeon)
  7652 | D:7      | Identified the ring of Honesty {rCorr Str+4} (You found it
                  | on level 7 of the Dungeon)
  7877 | D:7      | Found a radiant altar of Vehumet.
  7877 | D:7      | Found an opulent altar of Gozag.
  7877 | D:7      | Found a hazy altar of Hepliaklqana.
  7879 | D:7      | Found a glowing golden altar of the Shining One.
  7879 | D:7      | Found a snail-covered altar of Cheibriados.
  7910 | D:7      | Became a worshipper of Cheibriados the Contemplative
  8182 | D:8      | Found Cocs's Antique Armour Shop.
  8221 | D:8      | Bought a runed scarf for 264 gold pieces
  8251 | D:8      | Reached XP level 10. HP: 57/61 MP: 10/10
  8290 | D:8      | Got a faintly glowing leather armour
  8301 | D:8      | Identified the +3 leather armour of Cebyzoghax {rF+ MR+
                  | Int-3} (You found it on level 8 of the Dungeon)
  8509 | D:8      | Reached * piety under Cheibriados
  8625 | D:8      | Found a sparkling altar of Nemelex Xobeh.
  8732 | D:9      | Found a basalt altar of Yredelemnul.
  8826 | D:9      | Found an iron altar of Okawaru.
  9128 | D:9      | Reached ** piety under Cheibriados
  9469 | D:9      | Reached skill level 10 in Fighting
  9566 | D:9      | Found a staircase to the Lair.
  9567 | D:9      | Noticed Erolcha
  9571 | D:9      | Paralysed by Erolcha for 5 turns
  9583 | D:9      | Paralysed by something for 7 turns
  9588 | D:9      | Mangled by Erolcha

Skill      XL: |  1  2  3  4  5  6  7  8  9 10 |
---------------+-------------------------------+-----
Maces & Flails | 3 4 5 6 7 9 11 12 | 12.4
Fighting       | 6 10 | 10.5
Armour         | |  3.2
Shields        | |  3.2

Action                   |  1- 3 |  4- 6 |  7- 9 | 10-12 || total
-------------------------+-------+-------+-------+-------++-------
Melee: Flail             |   154 |    34 |   482 |   237 ||   907
       Mace              |       |   253 |       |       ||   253
  Use: Scroll            |     3 |     4 |    12 |       ||    19
       Potion            |       |     3 |     7 |     3 ||    13
  Eat: Ration            |     1 |     2 |     4 |     1 ||     8
       Chunk             |       |     1 |     1 |       ||     2
Armor: Scale mail        |    95 |   149 |   219 |       ||   463
       Chain mail        |       |       |    59 |   127 ||   186
       Skin              |       |       |     1 |    14 ||    15
Dodge: Dodged            |    51 |    84 |   117 |    55 ||   307
Block: Shield            |   100 |   173 |   290 |   129 ||   692
